 Dungeon Crawl Stone Soup version 0.29-a0-541-gaf1fc19f1b (webtiles) character file.

Game seed: 9232878292988030600

235 Sobieck the Grave Robber (level 5, -4/35 HPs)
             Began as a Vampire Necromancer on June 2, 2022.
             Blown up by Ijyb (17 damage)
             ... with a mindburst bolt
             ... on level 3 of the Dungeon.
             The game lasted 00:05:00 (1522 turns).

Sobieck the Grave Robber (Vampire Necromancer)      Turns: 1522, Time: 00:05:01

Health: -4/35      AC:  4    Str:  7    XL:     5   Next: 76%
Magic:  1/10       EV: 13    Int: 19    God:
Gold:   93         SH:  0    Dex: 15    Spells: 3/11 levels left

rFire   . . .      SeeInvis +   a - +0 dagger {short}
rCold   . . .      Faith    .   (no shield)
rNeg    . . .      Spirit   .   c - +0 robe
rPois   .          Reflect  .   r - +0 helmet
rElec   .          Harm     .   (no cloak)
rCorr   .          Rampage  .   (no gloves)
Will    .....                   l - +0 pair of boots
Stlth   +++.......              (no amulet)
HPRegen 0.31/turn               (no ring)
MPRegen 0.12/turn               (no ring)

@: healing quickly
A: alive, fangs 3, see invisible, vampiric 2
a: Exsanguinate


You were on level 3 of the Dungeon.
You visited 1 branch of the dungeon, and saw 3 of its levels.

You collected 93 gold pieces.


Innate Abilities, Weirdness & Mutations

Your natural rate of healing is accelerated.
You have razor-sharp teeth.
You have supernaturally acute eyesight. (SInv)
You are afflicted with vampirism and can become a bat while bloodless.


   Skills:
 - Level 3.0 Dodging
 - Level 4.0 Stealth
 + Level 3.9 Spellcasting
 - Level 6.0 Necromancy


You had 3 spell levels left.
You knew the following spells:

 Your Spells              Type           Power      Damage    Failure   Level
a - Necrotize             Necr           100%       1d9       1%          1
b - Vampiric Draining     Necr           26%        2d7       3%          3
c - Animate Dead          Necr           26%        N/A       12%         4

Your spell library contained the following spells:

 Spells                   Type           Power      Damage    Failure   Level
 Ozocubu's Armour         Ice            3%         N/A       38%         3
 Agony                    Necr           26%        N/A       32%         5
 Metabolic Englaciation   Hex/Ice        1%         N/A       98%         5
 Simulacrum               Ice/Necr       7%         N/A       99%         6

Inventory:

Hand Weapons
 a - a +0 dagger (weapon) {short}
   (You took it off a kobold on level 1 of the Dungeon)
Missiles
 f - 64 stones {throwing}
 g - 6 poisoned darts {throwing}
Armour
 c - a +0 robe (worn)
 i - a +0 robe
   (You found it on level 1 of the Dungeon)
 k - a scarf of harm
   (You found it on level 1 of the Dungeon)
 l - a +0 pair of boots (worn)
   (You found it on level 2 of the Dungeon)
 n - a +0 robe
   (You found it on level 2 of the Dungeon)
 q - a +0 robe
   (You took it off Sigmund on level 2 of the Dungeon)
 r - a +0 helmet (worn)
   (You found it on level 2 of the Dungeon)
 t - a +0 plate armour
   (You found it on level 2 of the Dungeon)
 u - a +0 scale mail
   (You took it off Terence on level 2 of the Dungeon)
Jewellery
 p - a ring of poison resistance
   (You found it on level 2 of the Dungeon)
Scrolls
 h - a scroll of identify {unknown}
 j - 3 scrolls of fear {unknown}
 m - a scroll of teleportation {unknown}
 o - a scroll of noise {unknown}
 v - 2 scrolls of enchant armour {unknown}
Potions
 b - a potion of magic
 d - 2 potions of might {unknown}
 e - 2 potions of heal wounds {unknown}
 s - a potion of mutation {unknown}
 w - a potion of lignification {unknown}
 x - a potion of degeneration {unknown}

Dungeon Overview and Level Annotations

Branches:
Dungeon (3/15)

Altars:

Annotations:
D:3 Ijyb

#...)...# .# #
#..<†...# .#.#
.######.######.#.##
..................
.######.######..#
...............#
..###......##.##
#......#..#
#.....@..##
#......>##
#.....Z.#
########g###
.....g).Z..#
########.### ....
....... ....$....#


You could see Ijyb (ally target) and 2 friendly orc zombies.


Message History

Confirm with . or Enter, or press ? or * to list all spells.
Aiming: Necrotize (safe; 1% risk of failure)
Press: ? - help, Shift-Dir - straight line, f - orc
Aim: an orc, wielding a +0 short sword and wearing a +0 leather armour (severely wounded, ally target, chance to affect: 93%)
The orc writhes in agony.
You kill the orc!
The dead are walking!
Ijyb screams, "I dance on your bones!"
Casting: Necrotize (safe; 1% risk of failure)
Confirm with . or Enter, or press ? or * to list all spells.
Aiming: Necrotize (safe; 1% risk of failure)
Press: ? - help, Shift-Dir - straight line, f - orc
Aim: an orc, wielding a +0 hand axe (ally target, chance to affect: 93%)
The orc barely resists.
The orc hits you but does no damage.
Casting: Necrotize (safe; 1% risk of failure)
Confirm with . or Enter, or press ? or * to list all spells.
Aiming: Necrotize (safe; 1% risk of failure)
Press: ? - help, Shift-Dir - straight line, f/p - orc
Aim: an orc, wielding a +0 hand axe (ally target, chance to affect: 93%)
The orc writhes in agony!
You kill the orc!
The dead are walking!
Ijyb hits your orc zombie with a +0 club.
Unknown command.
What are your orders? t - Shout!
Orders for allies: a - Attack new target. r - Retreat! s - Stop attacking. g - Guard the area. f - Follow me.
Anything else - Cancel.
Gang up on whom?
Press: ? - help, Dir - move target, f - Ijyb
Aim: Ijyb, wielding a +0 club, wearing a +1 chain mail of fire resistance and carrying a wand of mindburst (7) (ally target) Attack!
Ijyb hits your orc zombie with a +0 club.
Your orc zombie is destroyed!
Unknown command.
You swap places.
Things that are here:
a +0 flail {mace}; a +2 leather armour of fire resistance Ijyb hits your orc zombie with a +0 club.
Your orc zombie is destroyed!
Unknown command.
There is a stone staircase leading down here.
Danger!
You swap places.
Your orc zombie barely misses Ijyb.
Unknown command.
Casting: Necrotize (safe; 1% risk of failure)
Confirm with . or Enter, or press ? or * to list all spells.
Aiming: Vampiric Draining (dangerous; 3% risk of failure)
Press: ? - help, Shift-Dir - straight line, f/p - Ijyb
Aim: Ijyb, wielding a +0 club, wearing a +1 chain mail of fire resistance and carrying a wand of mindburst (7) (ally target)
You draw life force from Ijyb.
You feel life coursing into your body.
Your orc zombie hits Ijyb but does no damage.
Ijyb barely misses you.
Unknown command.
You hit Ijyb but do no damage.
Your orc zombie completely misses Ijyb.
Your orc zombie barely misses Ijyb.
Ijyb closely misses you.
You hit Ijyb but do no damage. You bite Ijyb, but do no damage.
Your orc zombie closely misses Ijyb.
Ijyb zaps a wand.
Your mind is blasted!
Ouch! That really hurt!
* * * LOW HITPOINT WARNING * * *
You hit Ijyb.
Your orc zombie hits Ijyb but does no damage.
Ijyb completely misses you.
Your orc zombie hits Ijyb.
Unknown command.
You hit Ijyb but do no damage.
Your orc zombie hits Ijyb but does no damage.
Ijyb hits you with a +0 club.
* * * LOW HITPOINT WARNING * * *
Unknown command.
You hit Ijyb.
Your reaping aura is weakening.
Your orc zombie hits Ijyb but does no damage.
Your orc zombie hits Ijyb.
Ijyb hits your orc zombie with a +0 club.
Unknown command.
You barely miss Ijyb.
Your orc zombie hits Ijyb but does no damage.
Ijyb misses you.
Your orc zombie barely misses Ijyb.
Unknown command.
You hit Ijyb but do no damage.
Your orc zombie closely misses Ijyb.
Ijyb hits you but does no damage.
Unknown command.
You completely miss Ijyb. You punch Ijyb, but do no damage.
Your orc zombie hits Ijyb but does no damage. x2
Ijyb zaps a wand.
Your mind is blasted!
* * * LOW HITPOINT WARNING * * *
Casting: Vampiric Draining (dangerous; 3% risk of failure)
Confirm with . or Enter, or press ? or * to list all spells.
Okay, then.
Your orc zombie closely misses Ijyb.
Ijyb barely misses your orc zombie.
Your reaping aura expires.
Your orc zombie hits Ijyb but does no damage. x2
Ijyb zaps a wand.
Your mind is blasted!
You die...

Skill      XL: |  1  2  3 |
---------------+----------+-----
Necromancy     | 6 |  6.0
Dodging        | 3 |  3.0
Stealth        | 4 |  4.0
Spellcasting   | 3 |  3.9

Action                   |  1- 3 |  4- 6 || total
-------------------------+-------+-------++-------
Melee: Unarmed           |     9 |       ||     9
       Dagger            |    35 |    23 ||    58
       Bite              |     4 |     2 ||     6
       Punch             |       |     1 ||     1
 Cast: Necrotize         |    27 |     7 ||    34
       Vampiric Draining |       |     2 ||     2
       Animate Dead      |       |     1 ||     1
 Stab: Sleeping          |     9 |     6 ||    15
Armor: Robe              |    11 |     5 ||    16
Dodge: Dodged            |    32 |     9 ||    41

Levels and vault maps discovered:
D:1:      dpeg_arrival_ternary, layout_basic, nicolae_ecumenical_snake_handling,
          lemuel_another_geyser
D:2:      layout_rooms, hangedman_decor_opposing, columned_hall_lemuel,
          uniq_terence, uniq_sigmund
D:3:      kennysheep_big_flooded_room, layout_rooms,
          minmay_misc_feat_four_crosses, hangedman_decor_riveting, minivault_4,
          uniq_grinder, uniq_crazy_yiuf_cottage, uniq_ijyb

Notes
Turn   | Place    | Note
-------+----------+-------------------------------------------
     0 | D:1      | Sobieck the Vampire Necromancer began the quest for the
                  | Orb.
     0 | D:1      | Reached XP level 1. HP: 13/13 MP: 3/3
    99 | D:1      | Reached XP level 2. HP: 18/19 MP: 0/5
   281 | D:1      | Found a faded altar of an unknown god.
   598 | D:1      | You pick up a book of Winter and begin reading...
   598 | D:1      | You add the spells Ozocubu's Armour, Metabolic Englaciation
                  | and Simulacrum to your library.
   650 | D:1      | Gained mutation: You are afflicted with vampirism and can
                  | become a bat while bloodless. [Vampire growth]
   650 | D:1      | Reached XP level 3. HP: 24/24 MP: 3/6
   654 | D:1      | Learned a level 3 spell: Vampiric Draining
   834 | D:2      | Reached skill level 5 in Necromancy
  1051 | D:2      | Noticed Sigmund
  1056 | D:2      | Killed Sigmund
  1057 | D:2      | Reached skill level 3 in Dodging
  1057 | D:2      | Reached skill level 4 in Stealth
  1057 | D:2      | Reached skill level 3 in Spellcasting
  1057 | D:2      | Reached skill level 6 in Necromancy
  1057 | D:2      | Reached XP level 4. HP: 30/30 MP: 2/9
  1057 | D:2      | Reached XP level 5. HP: 35/35 MP: 2/10
  1150 | D:2      | Learned a level 4 spell: Animate Dead
  1197 | D:2      | Noticed Terence
  1203 | D:2      | Killed Terence
  1500 | D:3      | Noticed Ijyb
  1522 | D:3      | Blown up by Ijyb

Vanquished Creatures
  Sigmund (D:2)
  Terence (D:2)
  2 adders (D:2)
  4 orcs (D:3)
  2 bats (D:1)
  3 endoplasms
  A giant cockroach (D:2)
  6 goblins
  4 hobgoblins
  4 jackals (D:1)
  A quokka (D:1)
  6 ball pythons
  5 kobolds
  6 rats
46 creatures vanquished.

Vanquished Creatures (collateral kills)
  2 jackals (D:1)
2 creatures vanquished.

Vanquished Creatures (others)
  2 orc zombies (D:3)
2 creatures vanquished.

Grand Total: 50 creatures vanquished

Table legend:
 A = Non-vault XP
 B = Vault XP
 C = Vault XP percentage of total XP
 D = Non-vault monster count
 E = Vault monster count
 F = Vault count percentage of total count
                 A         B        C        D         E       F
            +---------+---------+-------+---------+---------+-------
      Total |     104 |     233 |  69.1 |      43 |       5 |  10.4
            +---------+---------+-------+---------+---------+-------
        D:1 |      39 |       4 |   9.3 |      22 |       3 |  12.0
        D:2 |      49 |     229 |  82.4 |      14 |       2 |  12.5
        D:3 |      16 |       0 |   0.0 |       7 |       0 |   0.0
            +---------+---------+-------+---------+---------+-------

Illustrated notes

Table legend:
 A = Kills in this place as a percentage of kills in entire the game.
 B = Kills by you in this place as a percentage of kills by you in the entire game.
 C = Kills by friends in this place as a percentage of kills by friends in the entire game.
 D = Other kills in this place as a percentage of other kills in the entire game.
 E = Experience gained in this place as a percentage of experience gained in the entire game.
 F = Experience gained in this place divided by the number of levels of this place that you have seen.
                   A       B       C       D       E      F
               +-------+-------+-------+-------+-------+----------------------
         Total | 100.0 | 100.0 | 100.0 |   N/A | 100.0 | 112.3
       Dungeon | 100.0 | 100.0 | 100.0 |   N/A | 100.0 | 112.3
               +-------+-------+-------+-------+-------+----------------------

Table legend: (Time is in decaauts)
 A = Elapsed time spent in this place.
 B = Non-inter-level travel time spent in this place.
 C = Inter-level travel time spent in this place.
 D = Time resting spent in this place.
 E = Time spent auto-exploring this place.
 F = Levels seen in this place.
 G = Mean time per level.
                   A        B        C        D        E       F      G
               +--------+--------+--------+--------+--------+-----+--------+
         Total |   1520 |   1461 |     59 |      0 |   1137 |   3 |  506.7 |
       Dungeon |   1520 |   1461 |     59 |      0 |   1137 |   3 |  506.7 |
               +--------+--------+--------+--------+--------+-----+--------+

Top non-repeatable levels by time:
     D:1: 822 daAuts
     D:2: 639 daAuts
     D:3: 57 daAuts
